 Dungeon Crawl Stone Soup version 0.22-a0-880-gb7b0c8b (webtiles) character file.

449 Kuinu the Grasshopper (level 6, -2/53 HPs)
             Began as a Draconian Warper on July 30, 2018.
             Slain by an ogre
             ... wielding a +0 giant spiked club
              (26 damage)
             ... on level 4 of the Dungeon.
             The game lasted 00:07:14 (3959 turns).

Kuinu the Grasshopper (Draconian Warper)            Turns: 3959, Time: 00:07:14

Health: -2/53      AC:  7    Str: 16    XL:     6   Next: 74%
Magic:  3/10       EV: 12    Int: 13    God:
Gold:   221        SH:  0    Dex: 10    Spells: 4/11 levels left

rFire    . . .     SeeInvis .   n - +4 spear (pierce)
rCold    . . .     Gourm    .   (no shield)
rNeg     . . .     Faith    .   (armour unavailable)
rPois    .         Spirit   .   (helmet restricted)
rElec    .         Reflect  .   e - +0 cloak
rCorr    .         Harm     .   (no gloves)
MR       .....                  (no boots)
Stlth    +.........             (no amulet)
HPRegen  0.17/turn              (no ring)
MPRegen  0.12/turn              (no ring)

@: shrouded
A: unfitting armour, cold-blooded, AC +6
a: no special abilities


You were on level 4 of the Dungeon.
You were hungry.

You visited 1 branch of the dungeon, and saw 4 of its levels.

You collected 221 gold pieces.

Inventory:

Hand Weapons
 a - a +0 falchion
 n - a +4 spear of piercing (weapon)
Missiles
 d - 5 tomahawks of dispersal (quivered)
Armour
 e - a +0 cloak (worn)
Scrolls
 b - 3 scrolls of identify {unknown}
 c - 5 scrolls of blinking
 g - 2 scrolls of teleportation {unknown}
 j - 3 scrolls of remove curse {unknown}
 l - a scroll of enchant weapon {unknown}
Potions
 h - a potion of haste {unknown}
 i - 2 potions of might {unknown}
 k - a potion of curing {unknown}
 m - a potion of agility {unknown}
 o - a potion of heal wounds
Comestibles
 f - 6 rations


   Skills:
 * Level 4.3 Fighting
 * Level 4.1 Long Blades
 - Level 0.8 Throwing
 + Level 3.0 Dodging
 + Level 3.0 Spellcasting
 * Level 4.4 Translocations


You had 4 spell levels left.
You knew the following spells:

 Your Spells              Type           Power        Failure   Level  Hunger
a - Shroud of Golubria    Chrm/Tloc      #.........   14%         2    ###....
b - Blink                 Tloc           N/A          5%          2    ###....
c - Gell's Gravitas       Tloc           ##........   11%         3    ###....

Your spell library contained the following spells:

 Spells                   Type           Power        Failure   Level  Hunger
 Teleport Other           Tloc           ##......     11%         3    ###....
 Passage of Golubria      Tloc           N/A          36%         4    #####..
 Lesser Beckoning         Tloc           ##........   11%         3    ###....


Dungeon Overview and Level Annotations

Branches:
Dungeon (4/15)
 Temple: D:4-7

Altars:

Annotations:
D:3 2 transporters, protoss039's ghost, amateur MiFi


Innate Abilities, Weirdness & Mutations

Your plain brown scales are hard. (AC +6)
You cannot fit into any form of body armour.
You are cold-blooded and may be slowed by cold attacks.


Message History

Gravity reorients around the ogre.
The leopard gecko collides with the ogre!
You kill the leopard gecko!
Your shroud bends the ogre's attack away!!
You barely miss the ogre. You tail-slap the ogre.
The ogre is moderately wounded.
Your shroud bends the ogre's attack away!
You hit the ogre.
The ogre is heavily wounded.
You hit the ogre. You tail-slap the ogre.
The ogre is severely wounded.
The ogre hits you with a giant spiked club!!
Ouch! That really hurt!
You hit the ogre.
The ogre is severely wounded.
Your shroud bends the ogre's attack away!
You hit the ogre.
The ogre is almost dead.
The ogre hits you with a giant spiked club!!
You die...

##.#................#.#
##.#.####.###.......#.#
##.#.# #....######.#.#
##.#.# #....# #.#.#
.....# #.#########.#.#
.#.### #........##.#.#
'#.# ..............#
...# ########.##.###
...# #@##.# ...####..
#O##.# ..........
.....# ..#####...
.#..... ..# .##.....
..# #. ...... ..# #
#...... ### #....... .#


You could see an ogre.

Vanquished Creatures
  A phantom (D:4)
  An ogre (D:4)
  An orc wizard (D:3)
  Natasha (thrice) (D:3)
  Robin (D:3)
  5 adders
  3 dart slugs
  5 leopard geckos
  4 orcs (D:3)
  A ball python (D:3)
  4 giant cockroaches
  14 hobgoblins
  18 jackals
  4 kobolds
  2 quokkas
  4 bats
  3 frilled lizards
  14 goblins
  A jackal skeleton (D:4)
  A quokka skeleton (D:4)
  9 rats
99 creatures vanquished.

Notes
Turn   | Place    | Note
-------+----------+-------------------------------------------
     0 | D:1      | Kuinu the Draconian Warper began the quest for the Orb.
     0 | D:1      | Reached XP level 1. HP: 17/17 MP: 3/3
    36 | D:1      | Reached XP level 2. HP: 16/25 MP: 5/5
    43 | D:1      | Learned a level 2 spell: Shroud of Golubria
    46 | D:1      | Learned a level 2 spell: Blink
   578 | D:1      | Reached XP level 3. HP: 25/30 MP: 6/6
  1347 | D:2      | Reached XP level 4. HP: 13/38 MP: 5/7
  2023 | D:3      | Noticed an ogre
  2026 | D:3      | Noticed protoss039's ghost (amateur MiFi)
  2027 | D:3      | Noticed an ogre
  2316 | D:3      | Reached XP level 5. HP: 33/45 MP: 8/8
  2339 | D:3      | Noticed Robin
  2754 | D:4      | Learned a level 3 spell: Gell's Gravitas
  2770 | D:3      | Killed Robin
  2973 | D:3      | Noticed Natasha
  2979 | D:3      | Killed Natasha
  3026 | D:3      | Found a transporter.
  3040 | D:3      | Noticed an ogre
  3041 | D:3      | Found a transporter.
  3172 | D:3      | Noticed Natasha
  3181 | D:3      | Killed Natasha
  3255 | D:3      | Noticed Natasha
  3259 | D:3      | Killed Natasha
  3305 | D:4      | Noticed a phantom
  3349 | D:4      | Killed a phantom
  3349 | D:4      | Reached XP level 6. HP: 29/52 MP: 10/10
  3959 | D:4      | Slain by an ogre

Vault maps used:
D:1:      lemuel_arrival_room
D:2:      minmay_rat_gold_closets
D:3:      first_ration, gammafunk_ghost_smash, uniq_natasha, uniq_robin
D:4:      kiku_gazebo_garden_becter

Skill      XL: |  1  2  3  4  5  6 |
---------------+-------------------+-----
Fighting       | 3 4 |  4.3
Long Blades    | 3 4 |  4.1
Translocations | 4 |  4.4
Dodging        | 3 |  3.0
Spellcasting   | 3 |  3.0
Throwing       | |  0.8

Action                   |  1- 3 |  4- 6 || total
-------------------------+-------+-------++-------
Melee: Falchion          |   147 |   110 ||   257
       Tailslap          |    13 |    20 ||    33
       Spear             |       |    70 ||    70
 Cast: Shroud of Golubri |     7 |    12 ||    19
       Gell's Gravitas   |       |     2 ||     2
 Stab: Sleeping          |     1 |       ||     1
  Eat: Chunk             |     2 |     9 ||    11
Armor: Skin              |    53 |    56 ||   109
Dodge: Dodged            |   117 |   111 ||   228
       Rpst.: Falchion   |    40 |    25 ||    65

Table legend:
 A = Spawn XP
 B = Non-spawn XP
 C = Spawn XP percentage of total XP
 D = Spawn monster count
 E = Non-spawn monster count
 F = Spawn count percentage of total count
 G = Total turns spent on level
                    A         B        C        D         E        F      G
               +---------+---------+-------+---------+---------+-------+---------
         Total |       0 |     642 |   0.0 |       0 |      99 |   0.0 |  3959
               +---------+---------+-------+---------+---------+-------+---------
           D:1 |       0 |      57 |   0.0 |       0 |      29 |   0.0 |   776
           D:2 |       0 |      68 |   0.0 |       0 |      25 |   0.0 |  1208
           D:3 |       0 |     229 |   0.0 |       0 |      33 |   0.0 |   988
           D:4 |       0 |     288 |   0.0 |       0 |      12 |   0.0 |   987
               +---------+---------+-------+---------+---------+-------+---------
